 Dungeon Crawl Stone Soup version bcrawl-1.38.2 (webtiles) character file.

Game seed: 11655589728427654964

271145 izumii3 the Ducker (level 9, -2/81 HPs)
             Began as a Deep Dwarf Monk on May 5, 2023.
             Was a High Priest of Elyvilon.
             Slain by a troll (8 damage)
             ... on level 7 of the Dungeon.
             The game lasted 00:16:24 (6566 turns).

izumii3 the Ducker (Deep Dwarf Monk)                Turns: 6566, Time: 00:16:25

Health: -2/81      AC:  6    Str: 18    XL:     9   Next: 34%
Magic:  4/13       EV: 13    Int: 11    God:    Elyvilon [*****.]
Gold:   142        SH:  7    Dex: 15    Spells: 7/8 levels left

rFire    + . .     GDR:     32% o - +1 flail (protect)
rCold    x . .     SeeInvis .   j - +2 buckler
rNeg     . . .     Gourm    .   h - +0 ring mail
rPois    .         Faith    +   c - +0 hat
rElec    .         Spirit   .   (no cloak)
rCorr    .         Reflect  .   (no gloves)
MR       +....                  (no boots)
Stlth    ++........             x - amulet of faith
HPRegen  0.00/turn              v - ring of fire (curse)
MPRegen  0.13/turn              (no ring)

@: non-regenerating
A: damage resistance, sense surroundings 2, no regeneration
a: Lesser Healing, Heal Other, Purification, Greater Healing, Divine Vigour,
Divine Protection, Renounce Religion


You were on level 7 of the Dungeon.
You worshipped Elyvilon.
Elyvilon was extremely pleased with you.
You were near starving.

You visited 1 branch of the dungeon, and saw 7 of its levels.
You also visited: Sewer.

You collected 361 gold pieces.
You spent 219 gold pieces at shops.

Inventory:

Hand Weapons
 a - a +0 hand axe
 n - a +0 arbalest
 o - a +1 flail of protection (weapon)
 p - a +2 dagger of venom
Armour
 b - a +0 robe
 c - a +0 hat (worn)
 h - a +0 ring mail (worn)
 j - a +2 buckler (worn)
 m - a +0 robe of magic recovery
Jewellery
 d - an uncursed amulet of magic regeneration
 v - a cursed ring of fire (left hand)
 x - an amulet of faith (around neck)
Wands
 r - a wand of charming (4)
 y - a wand of digging (4)
 C - a wand of acid (7)
Scrolls
 f - 4 scrolls of remove curse
 g - a scroll of noise {unknown}
 i - 6 scrolls of identify
 l - 4 scrolls of teleportation {unknown}
 q - 5 scrolls of magic mapping {unknown}
 s - 6 scrolls of blinking {unknown}
 t - 3 scrolls of amnesia {unknown}
 u - 4 scrolls of fear {unknown}
 E - 3 scrolls of enchant armour {unknown}
Potions
 k - a potion of haste {unknown}
 w - a potion of lignification {unknown}
 z - a potion of berserk rage {unknown}
 A - a potion of heal wounds {unknown}
 B - a potion of degeneration {unknown}
 D - a potion of curing
 F - a potion of invisibility {unknown}
Comestibles
 e - 14 rations {!d}
 G - 3 chunks of flesh


   Skills:
 + Level 5.1 Fighting
 - Level 2.9 Short Blades
 - Level 4.3(5.0) Axes
 + Level 3.4(4.3) Maces & Flails
 + Level 4.7 Crossbows
 * Level 6.1 Armour
 * Level 6.6 Dodging
 - Level 4.0 Stealth
 - Level 2.1 Shields
 * Level 6.2 Invocations


You had 7 spell levels left.
You knew the following spells:

 Your Spells              Type           Power        Failure   Level  Hunger
a - Freeze                Ice            #.....       80%         1    None

Your spell library contained the following spells:

 Spells                   Type           Power        Failure   Level  Hunger
 Ensorcelled Hibernation  Hex/Ice        #.....       90%         2    ####...
 Recall                   Summ/Tloc      N/A          99%         3    #####..
 Aura of Abjuration       Summ           #.........   100%        6    #######


Dungeon Overview and Level Annotations

Branches:
Dungeon (7/12)
 Temple: D:4-7         Lair: D:7-9

Altars:
Ashenzari
Dithmenos
Fedhas
Ru
Trog
Uskayaw
Zin

Shops:
D:5 (


Innate Abilities, Weirdness & Mutations

You are resistant to damage.
You passively map the area around you.
You do not regenerate.


Message History

You block the troll's attack. The troll claws you.
You block the troll's attack. The troll bites you! The troll misses you.
The troll claws you.
You closely miss the troll.
The troll is lightly wounded.
You block the troll's attack. x2; The troll claws you!
* * * LOW HITPOINT WARNING * * *
You sock the troll!
Your weapon exudes an aura of protection.
The troll is moderately wounded.
You block the troll's attack. The troll claws you but does no damage.
The troll claws you!
* * * LOW HITPOINT WARNING * * *
A troll is nearby!
A troll is nearby!
A troll is nearby!
The troll bites you!
* * * LOW HITPOINT WARNING * * *
The troll claws you!
You die...

###.....h.#
#.......##########
#......h.h.Ts....#
#......#########s#
#......# #.....#.#
#......# #.#<..#.#
#......#
#รท#####s#
#......# #.#..T..#
####### #@#.#####
#T#.....#
#.#####s### #.#
#...# #.# ###.#
#.# #...# #.#
#.### #.#####.#
#.......#


You could see a troll.

Vanquished Creatures
  A troll (D:7)
  A vampire mosquito (D:7)
  A sky beast (D:5)
  A black bear (D:5)
  An ice beast (D:5)
  2 phantoms
  2 wolves (D:7)
  An ogre (D:6)
  2 bullfrogs
  A kobold brigand (D:6)
  A gnoll sergeant (D:6)
  3 scorpions
  3 orc priests
  2 crimson imps (D:4)
  A howler monkey (D:4)
  A quasit (D:6)
  3 hounds
  6 gnoll shamans
  An iguana (D:7)
  2 orc wizards (D:4)
  2 hound skeletons (D:4)
  A worker ant zombie (D:5)
  33 gnolls
  9 adders
  A shadow imp (D:6)
  2 oozes
  An adder zombie (D:6)
  An adder skeleton (D:4)
  3 worms
  6 dart slugs
  4 leopard geckos
  10 orcs
  6 bats
  10 giant cockroaches
  8 hobgoblins
  20 jackals
  3 quokkas
  3 ball pythons
  4 frilled lizards (Sewer)
  8 goblins
  7 kobolds
  5 rats
183 creatures vanquished.

Notes
Turn   | Place    | Note
-------+----------+-------------------------------------------
     0 | D:1      | izumii3 the Deep Dwarf Monk began the quest for the Orb.
     0 | D:1      | Reached XP level 1. HP: 21/21 MP: 2/2
   114 | D:1      | Reached *** piety under Elyvilon
   229 | D:1      | Reached XP level 2. HP: 28/28 MP: 4/4
   757 | D:2      | Reached XP level 3. HP: 29/34 MP: 5/5
  1383 | D:3      | Reached **** piety under Elyvilon
  1475 | D:3      | Found a bloodstained altar of Trog.
  1476 | D:3      | Found a shadowy altar of Dithmenos.
  1477 | D:3      | Found a hide-covered altar of Uskayaw.
  1477 | D:3      | Found a shattered altar of Ashenzari.
  1482 | D:3      | Noticed a bullfrog
  1491 | D:3      | Killed a bullfrog
  1492 | D:3      | Reached skill level 1 in Short Blades
  1492 | D:3      | Reached skill level 1 in Armour
  1492 | D:3      | Reached XP level 4. HP: 16/42 MP: 6/6
  1640 | D:3      | Reached XP level 5. HP: 38/49 MP: 7/7
  2250 | D:4      | Reached skill level 1 in Shields
  2304 | D:4      | Reached XP level 6. HP: 55/56 MP: 5/8
  2829 | D:4      | Reached XP level 7. HP: 42/63 MP: 9/9
  2913 | D:4      | Reached ***** piety under Elyvilon
  3566 | D:5      | Entered Level 5 of the Dungeon
  3589 | D:5      | Found a blossoming altar of Fedhas.
  3638 | D:5      | Found Nomimn's Antique Weapon Emporium.
  3646 | D:5      | Bought an arbalest for 144 gold pieces
  3749 | D:5      | Reached skill level 1 in Crossbows
  3896 | D:5      | Reached skill level 5 in Dodging
  3914 | D:5      | Reached XP level 8. HP: 46/73 MP: 9/11
  4204 | D:6      | Found Zin's Purification Station.
  4205 | D:6      | Found a glowing silver altar of Zin.
  4211 | D:6      | Bought a potion of curing for 75 gold pieces
  4282 | D:6      | Found a sacrificial altar of Ru.
  4643 | D:6      | Found a glowing drain.
  4652 | Sewer    | Entered a sewer
  4820 | Sewer    | Reached skill level 5 in Invocations
  4871 | Sewer    | Identified the Grimoire of the Supportive Frostbite
  5205 | D:6      | Learned a level 1 spell: Freeze
  5690 | D:6      | Reached skill level 5 in Armour
  5761 | D:6      | Reached skill level 1 in Maces & Flails
  6291 | D:7      | Gained mutation: You passively map the area around you.
                  | [Deep Dwarf growth]
  6291 | D:7      | Reached XP level 9. HP: 58/80 MP: 11/13
  6351 | D:7      | Noticed a troll
  6354 | D:7      | Noticed a troll
  6426 | D:7      | Killed a troll
  6427 | D:7      | Reached skill level 5 in Fighting
  6566 | D:7      | Slain by a troll

Skill      XL: |  1  2  3  4  5  6  7  8  9 |
---------------+----------------------------+-----
Invocations    | 3 4 5 6 |  6.2
Stealth        | 3 4 |  4.0
Axes           | 4 |  4.3
Short Blades   | 1 2 |  2.9
Armour         | 1 2 3 4 5 6 |  6.1
Dodging        | 4 5 6 |  6.6
Shields        | 1 2 |  2.1
Fighting       | 4 5 |  5.1
Crossbows      | 2 4 |  4.7
Maces & Flails | 2 3 |  3.4

Action                   |  1- 3 |  4- 6 |  7- 9 || total
-------------------------+-------+-------+-------++-------
Melee: Hand axe          |    96 |       |       ||    96
       Dagger            |    38 |   169 |    51 ||   258
       Flail             |       |       |   305 ||   305
 Fire: Arbalest          |       |       |   173 ||   173
Invok: Lesser Healing    |     1 |     7 |    34 ||    42
       Greater Healing   |       |       |     2 ||     2
  Use: Scroll            |     1 |       |       ||     1
 Stab: Sleeping          |     8 |     2 |     1 ||    11
  Eat: Chunk             |     6 |     9 |    22 ||    37
       Ration            |       |       |     4 ||     4
Armor: Ring mail         |    39 |    29 |   261 ||   329
Dodge: Dodged            |    58 |    56 |   528 ||   642
Block: Buckler           |    24 |    39 |   205 ||   268
